 Dungeon Crawl Stone Soup version 0.22-a0-160-gcc81d7a (webtiles) character file.

66 Borgoz the Skirmisher (level 3, 0/33 HPs)
             Began as a Minotaur Abyssal Knight on Feb 10, 2018.
             Was a Follower of Lugonu.
             Slain by an orc (1 damage)
             ... on level 3 of the Dungeon.
             The game lasted 00:02:21 (1805 turns).

Borgoz the Skirmisher (Minotaur Abyssal Knight)     Turns: 1805, Time: 00:02:21

Health: 0/33       AC:  3    Str: 16    XL:     3   Next: 96%
Magic:  3/3        EV: 12    Int:  9    God:    Lugonu [*.....]
Gold:   105        SH:  0    Dex: 10    Spells: 2/2 levels left

rFire    . . .     SeeInvis .   a - +1 hand axe
rCold    . . .     Gourm    .   (no shield)
rNeg     . . .     Faith    .   b - +0 leather armour
rPois    .         Spirit   .   (helmet restricted)
rElec    .         Reflect  .   (no cloak)
rCorr    .         Harm     .   (no gloves)
MR       .....                  (no boots)
Stlth    +.........             (no amulet)
HPRegen  0.11/turn              (no ring)
MPRegen  0.08/turn              (no ring)

@: no status effects
A: retaliatory headbutt, horns 2
a: Depart the Abyss, Renounce Religion


You were on level 3 of the Dungeon.
You worshipped Lugonu.
Lugonu was aware of your devotion.
You were not hungry.

You visited 1 branch of the dungeon, and saw 3 of its levels.
You visited the Abyss 1 time.

You collected 105 gold pieces.

Inventory:

Hand Weapons
 a - a +1 hand axe (weapon)
Armour
 b - a +0 leather armour (worn)
Scrolls
 e - 4 scrolls of teleportation {unknown}
 f - 2 scrolls of noise {unknown}
 g - 2 scrolls of remove curse {unknown}
 h - 2 scrolls of identify {unknown}
 i - a scroll of enchant armour {unknown}
Potions
 d - 4 potions of ambrosia {unknown}
 j - 2 potions of heal wounds {unknown}
 k - a potion of might {unknown}
 m - a potion of agility {unknown}
Comestibles
 c - 6 rations
 l - 3 chunks of flesh


   Skills:
 + Level 4.1 Fighting
 + Level 3.1 Axes
 + Level 3.1 Armour
 + Level 2.0 Dodging
 + Level 2.4 Invocations


You had 2 spell levels left.
You didn't know any spells.

Dungeon Overview and Level Annotations

Branches:
Dungeon (3/15)

Altars:


Innate Abilities, Weirdness & Mutations

You reflexively headbutt those who attack you in melee.
You have a pair of horns on your head.


Message History

The hobgoblin shouts!
You hit the orc.
The orc is almost dead.
You completely miss the orc. You hit the orc but do no damage.
The orc hits you. The orc barely misses you. The orc hits you with a mace!
You are too injured to fight recklessly!
You hit the orc.
The orc is almost dead.
You hit the orc. You closely miss the orc. The orc closely misses you.
The orc hits you with a flail. The orc hits you with a mace.
The orc closely misses you.
You completely miss the orc.
The orc is almost dead.
You barely miss the orc. You hit the orc but do no damage.
The orc hits you with a flail.
* * * LOW HITPOINT WARNING * * *
The orc hits you with a mace!
* * * LOW HITPOINT WARNING * * *
The orc hits you.
You die...

.. ... ....
.#.##.##.###....
................
........#.........
........#....g..
............r.#
..... #...oo..#
......##$..@o..+
...............#
.##........(.....#
....#.).....###+##
................#
.......##.######
.##...............
.........#.##...##
.........#.# ..#


You could see 3 orcs, a hobgoblin and a rat.

Vanquished Creatures
  An adder (D:3)
  An ooze (D:1)
  A worm (D:2)
  2 dart slugs
  An orc (D:3)
  2 giant cockroaches
  8 goblins
  7 hobgoblins (D:1)
  4 jackals (D:1)
  3 kobolds
  A quokka (D:2)
  3 bats
  A frilled lizard (D:3)
  8 rats
43 creatures vanquished.

Notes
Turn   | Place    | Note
-------+----------+-------------------------------------------
     0 | Abyss:1  | Borgoz the Minotaur Abyssal Knight began the quest for the Orb.
     0 | Abyss:1  | Reached XP level 1. HP: 19/19 MP: 1/1
    33 | Abyss:2  | Noticed a neqoxec
    35 | D:1      | Escaped the Abyss
   372 | D:1      | Reached XP level 2. HP: 21/27 MP: 2/2
   553 | D:1      | Reached * piety under Lugonu
  1078 | D:1      | Reached XP level 3. HP: 33/33 MP: 3/3
  1085 | D:1      | Reached skill level 4 in Fighting
  1805 | D:3      | HP: 1/33 [orc/mace (8)]
  1805 | D:3      | Slain by an orc

Vault maps used:
D:1:      minmay_arrival_four_loops, dk_noncrumbling_2
D:3:      uniq_jessica

Skill      XL: |  1  2  3 |
---------------+----------+-----
Invocations    | 2 |  2.4
Fighting       | 4 |  4.1
Armour         | 3 |  3.1
Axes           | 3 |  3.1
Dodging        | 2 |  2.0

Action                   || total
-------------------------++-------
Melee: Hand axe          ||    94
       Headbutt          ||    15
Invok: Depart the Abyss  ||     1
  Eat: Chunk             ||     3
Armor: Leather armour    ||    13
Dodge: Dodged            ||    56

Table legend:
 A = Spawn XP
 B = Non-spawn XP
 C = Spawn XP percentage of total XP
 D = Spawn monster count
 E = Non-spawn monster count
 F = Spawn count percentage of total count
 G = Total turns spent on level
                    A         B        C        D         E        F      G
               +---------+---------+-------+---------+---------+-------+---------
         Total |       0 |      95 |   0.0 |       0 |      43 |   0.0 |  1805
               +---------+---------+-------+---------+---------+-------+---------
           D:1 |       0 |      51 |   0.0 |       0 |      25 |   0.0 |  1219
           D:2 |       0 |      23 |   0.0 |       0 |      11 |   0.0 |   477
           D:3 |       0 |      21 |   0.0 |       0 |       7 |   0.0 |    74
               +---------+---------+-------+---------+---------+-------+---------
